 Dungeon Crawl Stone Soup version 0.25.0-1-g7eea58d2a3 (webtiles) character file.

Game seed: 6659010593983997173

687 McIrco the Shield-Bearer (level 7, -1/61 HPs)
             Began as a Minotaur Fighter on June 14, 2020.
             Slain by Prince Ribbit (12 damage)
             ... on level 5 of the Dungeon.
             The game lasted 00:03:54 (3609 turns).

McIrco the Shield-Bearer (Minotaur Fighter)         Turns: 3609, Time: 00:03:55

Health: -1/61      AC:  9    Str: 21    XL:     7   Next: 35%
Magic:  6/6        EV:  9    Int:  5    God:
Gold:   203        SH: 10    Dex: 11    Spells: 6/6 levels left

rFire    . . .     SeeInvis .   a - +0 war axe
rCold    . . .     Gourm    .   c - +0 kite shield
rNeg     . . .     Faith    .   b - +0 scale mail
rPois    .         Spirit   .   (helmet restricted)
rElec    .         Reflect  .   v - +1 cloak
rCorr    .         Harm     .   (no gloves)
MR       .....                  (no boots)
Stlth    ..........             (no amulet)
HPRegen  0.20/turn              (no ring)
MPRegen  0.10/turn              (no ring)

@: no status effects
A: retaliatory headbutt, horns 2
a: no special abilities


You were on level 5 of the Dungeon.
You were hungry.

You visited 1 branch of the dungeon, and saw 5 of its levels.

You collected 203 gold pieces.

Inventory:

Hand Weapons
 a - a +0 war axe (weapon)
Armour
 b - a +0 scale mail (worn)
 c - a +0 kite shield (worn)
 v - a +1 cloak (worn)
Jewellery
 s - an uncursed amulet of guardian spirit {unknown}
Scrolls
 e - 2 scrolls of enchant armour {unknown}
 g - 2 scrolls of amnesia {unknown}
 i - a scroll of fog {unknown}
 k - 4 scrolls of identify
 l - 2 scrolls of random uselessness {unknown}
 m - 7 scrolls of teleportation
 n - 2 scrolls of immolation
 o - 6 scrolls of remove curse
Potions
 d - a potion of might
 h - 2 potions of ambrosia
 j - 4 potions of curing
 q - a potion of brilliance {unknown}
 r - a potion of mutation {unknown}
 t - a potion of resistance {unknown}
 u - a potion of heal wounds {unknown}
Comestibles
 f - 7 rations


   Skills:
 * Level 5.4 Fighting
 + Level 5.2 Axes
 * Level 5.7 Armour
 + Level 2.1 Dodging
 + Level 0.1 Stealth
 * Level 6.3 Shields


You had 6 spell levels left.
You didn't know any spells.
Your spell library was empty.

Dungeon Overview and Level Annotations

Branches:
Dungeon (5/15)
 Temple: D:4-7

Altars:
Elyvilon
Okawaru
Xom

Annotations:
D:4 1 runed translucent door, Elizilla's ghost, amateur FoFi
D:5 Prince Ribbit


Innate Abilities, Weirdness & Mutations

You reflexively headbutt those who attack you in melee.
You have a pair of horns on your head.


Message History

You closely miss Prince Ribbit.
Prince Ribbit is moderately wounded.
Prince Ribbit catches a small bird with his tongue.
Prince Ribbit hits you!
* * * LOW HITPOINT WARNING * * *
You block Prince Ribbit's attack.
You hit Prince Ribbit. Your headbutt misses Prince Ribbit.
Prince Ribbit is heavily wounded.
You block Prince Ribbit's attack.
Prince Ribbit catches a blue-tailed skink with his tongue.
Prince Ribbit hits you.
* * * LOW HITPOINT WARNING * * *
You hit Prince Ribbit.
Prince Ribbit is heavily wounded.
Prince Ribbit barely misses you. You furiously retaliate!
You headbutt Prince Ribbit, but do no damage.
Prince Ribbit hits you.
* * * LOW HITPOINT WARNING * * *
It was a potion of curing.
You feel better. Prince Ribbit hits you!
You die...

#. #.# #...#
#. #.# #####
### #. #.#
.... #. #.#
...$.#.#####.#
.........)...#
.........#####
.........F##
.........#@#
.....F...##.#
.....#.... ...
......##.#
.### .#####
#.. .# .#. .#
# .# .#


You could see Prince Ribbit.

Vanquished Creatures
  Grinder (D:4)
  An ogre (D:4)
  A scorpion (D:4)
  A hound (D:4)
  Crazy Yiuf (D:4)
  An iguana (D:3)
  Natasha (thrice) (D:4)
  2 worker ants (D:4)
  7 adders
  An adder skeleton (D:4)
  A worm (D:3)
  A dart slug (D:4)
  6 leopard geckos
  4 orcs
  3 giant cockroaches
  5 goblins
  7 hobgoblins
  4 jackals (D:1)
  3 quokkas
  A ball python (D:1)
  9 bats
  2 frilled lizards (D:1)
  7 kobolds
  11 rats
83 creatures vanquished.

Notes
Turn   | Place    | Note
-------+----------+-------------------------------------------
     0 | D:1      | McIrco the Minotaur Fighter began the quest for the Orb.
     0 | D:1      | Reached XP level 1. HP: 19/19 MP: 0/0
    31 | D:1      | Reached XP level 2. HP: 25/27 MP: 1/1
    53 | D:1      | Reached skill level 4 in Shields
   540 | D:1      | Reached XP level 3. HP: 33/33 MP: 2/2
  1712 | D:3      | Reached XP level 4. HP: 41/41 MP: 3/3
  2021 | D:3      | Found a white marble altar of Elyvilon.
  2205 | D:3      | Reached skill level 5 in Shields
  2328 | D:3      | Reached XP level 5. HP: 43/47 MP: 4/4
  2540 | D:4      | Found a runed translucent door.
  2541 | D:4      | Noticed Crazy Yiuf
  2709 | D:4      | Found a runed translucent door.
  2709 | D:4      | Noticed Elizilla's ghost (amateur FoFi)
  2713 | D:4      | Noticed an ogre
  2716 | D:4      | Killed an ogre
  2716 | D:4      | Reached skill level 5 in Fighting
  2716 | D:4      | Reached skill level 5 in Armour
  2716 | D:4      | Reached skill level 1 in Dodging
  2716 | D:4      | Reached XP level 6. HP: 56/56 MP: 5/5
  2806 | D:4      | Noticed Natasha
  2810 | D:4      | Killed Natasha
  2827 | D:4      | Found an iron altar of Okawaru.
  2854 | D:4      | Noticed Grinder
  2864 | D:4      | Paralysed by Grinder for 2 turns
  2870 | D:4      | Killed Grinder
  2870 | D:4      | Reached skill level 6 in Shields
  2870 | D:4      | Reached XP level 7. HP: 41/61 MP: 6/6
  2912 | D:4      | Noticed Natasha
  2917 | D:4      | Killed Natasha
  3037 | D:4      | Found a shimmering altar of Xom.
  3133 | D:4      | Noticed Natasha
  3138 | D:4      | Killed Natasha
  3138 | D:4      | Reached skill level 5 in Axes
  3354 | D:4      | Killed Crazy Yiuf
  3570 | D:5      | Entered Level 5 of the Dungeon
  3580 | D:5      | Noticed Prince Ribbit
  3607 | D:5      | HP: 3/61 [Prince Ribbit (4)]
  3608 | D:5      | HP: 1/61 [Prince Ribbit (2)]
  3609 | D:5      | Slain by Prince Ribbit

Illustrated notes

Levels and vault maps discovered:
D:1:      dpeg_arrival_long_road, layout_loops_ring
D:2:      layout_basic, first_ration
D:3:      layout_basic, corexii_leaking_fountain, elyvilon_altar_4
D:4:      layout_cave_pools, kennysheep_mini_moat, ebering_ghost_inner_flame,
          chequers_serial_rivers_micro_e, okawaru_ov_weapons_minmay,
          uniq_crazy_yiuf_cottage, uniq_grinder, uniq_natasha
D:5:      layout_loops_ring, minivault_26, fedhas_altar_3, uniq_prince_ribbit1,
          uniq_edmund

Skill      XL: |  1  2  3  4  5  6  7 |
---------------+----------------------+-----
Fighting       | 4 5 |  5.4
Shields        | 4 5 6 |  6.3
Armour         | 4 5 |  5.7
Axes           | 3 4 5 |  5.2
Dodging        | 1 2 |  2.1
Stealth        | |  0.1

Action                   |  1- 3 |  4- 6 |  7- 9 || total
-------------------------+-------+-------+-------++-------
Melee: War axe           |   101 |    80 |    37 ||   218
       Headbutt          |    16 |    11 |     8 ||    35
  Use: Scroll            |       |     3 |       ||     3
       Potion            |       |       |     1 ||     1
  Eat: Chunk             |     3 |     3 |     2 ||     8
Armor: Scale mail        |    62 |    31 |     8 ||   101
Dodge: Dodged            |    44 |    27 |    13 ||    84
Block: Kite shield       |    72 |    42 |    16 ||   130
